 Dungeon Crawl Stone Soup version 0.23.2-30-g0e89c35649 (webtiles) character file.

Game seed: 1678372300578244506

2816 Revguard the Slasher (level 9, -5/66 HPs)
             Began as a Demonspawn Gladiator on June 18, 2019.
             Was a Follower of Dithmenos.
             Splashed by Joseph's acid (9 damage)
             ... on level 7 of the Dungeon.
             The game lasted 00:27:27 (6472 turns).

Revguard the Slasher (Demonspawn Gladiator)         Turns: 6472, Time: 00:27:27

Health: -5/66      AC:  2    Str: 12    XL:     9   Next: 44%
Magic:  0/12       EV: 17    Int:  9    God:    Dithmenos [*.....]
Gold:   306        SH:  0    Dex: 21    Spells: 8/8 levels left

rFire    . . .     SeeInvis +   a - +0 long sword
rCold    . . .     Gourm    .   (no shield)
rNeg     . . .     Faith    .   w - +0 ring mail of Grottiness {Str-3 Dex+3 SInv}
rPois    +         Spirit   +   c - +0 helmet
rElec    .         Reflect  .   s - +1 cloak
rCorr    .         Harm     .   l - +0 pair of gloves
MR       .....                  (no boots)
Stlth    ++++++....             r - amulet of rage
HPRegen  0.21/turn              n - ring of poison resistance
MPRegen  0.13/turn              (no ring)

@: corroded, wreathed by umbra
A: talons 1, nightstalker 2, magic shield, sturdy frame 3
a: Renounce Religion, Evoke Berserk Rage


You were on level 7 of the Dungeon.
You worshipped Dithmenos.
Dithmenos was aware of your devotion.
You were not hungry.

You visited 2 branches of the dungeon, and saw 8 of its levels.

You collected 306 gold pieces.

Inventory:

Hand Weapons
 a - a +0 long sword (weapon)
 b - a +1 dagger
Missiles
 d - 2 throwing nets (quivered)
Armour
 c - a +0 helmet (worn)
 j - a +0 ring mail
 l - a +0 pair of gloves (worn)
 s - a +1 cloak (worn)
 w - the +0 ring mail of Grottiness (worn) {Str-3 Dex+3 SInv}
   (You found it on level 6 of the Dungeon)

   It affects your strength (-3).
   It affects your dexterity (+3).
   It lets you see invisible.
Jewellery
 n - a ring of poison resistance (left hand)
 r - an amulet of rage (around neck)
Wands
 g - a wand of flame (20)
Scrolls
 m - 3 scrolls of remove curse
 o - a scroll of magic mapping
 p - 4 scrolls of identify
Potions
 e - 3 potions of curing
 k - a potion of haste
 v - 2 potions of degeneration
Comestibles
 f - 10 rations


   Skills:
 + Level 4.4 Fighting
 + Level 0.3(4.4) Short Blades
 + Level 7.1(7.2) Long Blades
 - Level 1.7 Throwing
 + Level 2.8 Armour
 * Level 5.9 Dodging
 * Level 4.9 Stealth
 * Level 4.7 Invocations
 - Level 3.5 Evocations


You had 8 spell levels left.
You didn't know any spells.
Your spell library contained the following spells:

 Spells                   Type           Power        Failure   Level  Hunger
 Bolt of Magma            Conj/Fire/Erth #.........   100%        5    ######.
 Excruciating Wounds      Chrm/Necr      #.........   100%        5    ######.
 Ignition                 Fire           #.........   100%        8    #######


Dungeon Overview and Level Annotations

Branches:
Dungeon (7/15)             Temple (1/1) D:4

Altars:
Ashenzari
Cheibriados
Dithmenos
Elyvilon
Fedhas
Gozag
Hepliaklqana
Kikubaaqudgha
Makhleb
Nemelex Xobeh
Okawaru
Qazlal
Ru
Sif Muna
Trog
Uskayaw
Vehumet
Wu Jian
Xom
Zin
The Shining One

Annotations:
D:7 Joseph


Innate Abilities, Weirdness & Mutations

You have sharp toenails.
You are significantly more attuned to the shadows.
When hurt, damage is shared between your health and your magic reserves.
Your movements are significantly less encumbered by armour. (ER -6)


Message History

Joseph is moderately wounded.
You hit Joseph.
Joseph is heavily wounded.
Joseph completely misses you.
You hit Joseph but do no damage. You claw Joseph.
Joseph is heavily wounded.
Joseph zaps a wand.
The bolt of acid hits you! The acid corrodes you!
You are splashed with acid!
Unknown command.
You feel better. Joseph hits you with a +0 quarterstaff.
You hit Joseph. Your kick misses Joseph.
Joseph is heavily wounded.
Joseph barely misses you.
You riposte.
You hit Joseph but do no damage.
Joseph is heavily wounded.
You hit Joseph but do no damage. Your kick misses Joseph.
Joseph is heavily wounded.
Joseph zaps a wand.
The bolt of acid hits you!!
* * * LOW HITPOINT WARNING * * *
The acid corrodes you!
You are splashed with acid!
You die...

......>
#...... #
..... .. #..#
...
..####..#....
.....).......
...##@.##....
. #@## ...
#)# .. #<# .
###


You could see Joseph.

Vanquished Creatures
  The ghost of Mrkan the Grappler, a novice TrMo (D:6)
  A troll (D:6)
  Sigmund (D:5)
  Eustachio (D:6)
  An orc warrior (D:6)
  A black bear (D:6)
  2 phantoms
  Blork the orc (D:6)
  3 bullfrogs
  A gnoll sergeant (D:5)
  3 killer bees (D:7)
  2 howler monkeys
  2 crimson imps (D:6)
  3 jellies
  2 hounds
  2 orc wizards
  An orc priest (D:3)
  2 centaur skeletons
  2 iguanas
  Terence (D:2)
  4 worker ants
  A hound skeleton (D:5)
  16 gnolls
  9 adders
  2 shadow imps
  An ooze (D:1)
  4 worms
  A dart slug (D:3)
  5 leopard geckos
  17 orcs
  2 ball pythons
  10 bats
  4 giant cockroaches
  9 goblins
  7 hobgoblins
  7 jackals
  8 kobolds
  2 quokkas
  4 frilled lizards
  2 jackal skeletons (D:4)
  A leopard gecko skeleton (D:6)
  A leopard gecko zombie (D:5)
  2 quokka skeletons
  A quokka zombie (D:6)
  8 rats
161 creatures vanquished.

Vanquished Creatures (others)
  An orc (D:7)
  7 toadstools (D:1)
8 creatures vanquished.

Grand Total: 169 creatures vanquished

Notes
Turn   | Place    | Note
-------+----------+-------------------------------------------
     0 | D:1      | Revguard the Demonspawn Gladiator began the quest for the
                  | Orb.
     0 | D:1      | Reached XP level 1. HP: 16/16 MP: 1/1
   385 | D:1      | Gained mutation: Your movements are slightly less
                  | encumbered by armour. (ER -2) [demonic ancestry]
   385 | D:1      | Reached XP level 2. HP: 22/22 MP: 2/2
   546 | D:1      | Reached skill level 3 in Long Blades
  1017 | D:1      | Gained mutation: When hurt, damage is shared between your
                  | health and your magic reserves. [demonic ancestry]
  1017 | D:1      | Reached XP level 3. HP: 24/27 MP: 3/3
  1191 | D:2      | Reached skill level 1 in Armour
  1413 | D:2      | Gained mutation: You are slightly more attuned to the
                  | shadows. [demonic ancestry]
  1413 | D:2      | Reached XP level 4. HP: 33/33 MP: 4/4
  1435 | D:2      | Noticed Terence
  1442 | D:2      | Killed Terence
  1985 | D:2      | Gained mutation: You have sharp toenails. [demonic
                  | ancestry]
  1985 | D:2      | Reached XP level 5. HP: 39/39 MP: 5/5
  1986 | D:2      | Reached skill level 4 in Long Blades
  2117 | D:3      | Reached skill level 1 in Stealth
  2219 | D:3      | Found a radiant altar of Vehumet.
  2564 | D:3      | Reached XP level 6. HP: 42/46 MP: 6/6
  3275 | D:4      | Found a staircase to the Ecumenical Temple.
  3309 | Temple   | Entered the Ecumenical Temple
  3545 | Temple   | Became a worshipper of Dithmenos the Shadowed
  3618 | D:4      | Gained mutation: Your movements are less encumbered by
                  | armour. (ER -4) [demonic ancestry]
  3618 | D:4      | Reached XP level 7. HP: 49/52 MP: 7/7
  3671 | D:4      | Reached skill level 5 in Long Blades
  3710 | D:4      | Found a sacrificial altar of Ru.
  3864 | D:5      | Entered Level 5 of the Dungeon
  3880 | D:5      | Found a shadowy altar of Dithmenos.
  4019 | D:5      | Noticed Sigmund
  4023 | D:5      | Noticed Edmund
  4110 | D:5      | Killed Sigmund
  4110 | D:5      | Reached skill level 1 in Invocations
  4149 | D:5      | Reached skill level 1 in Evocations
  4263 | D:5      | Found a hide-covered altar of Uskayaw.
  4327 | D:5      | Identified the Incunabulum of Flamy Talismans
  4466 | D:5      | Gained mutation: You are significantly more attuned to the
                  | shadows. [demonic ancestry]
  4466 | D:5      | Reached XP level 8. HP: 41/58 MP: 6/9
  4493 | D:5      | Reached * piety under Dithmenos
  4796 | D:6      | Found a transporter.
  4803 | D:6      | Noticed Mrkan's ghost (novice TrMo)
  4807 | D:6      | Noticed Eustachio
  4823 | D:6      | Killed Eustachio
  4858 | D:6      | Noticed a troll
  4893 | D:6      | Noticed Blork the orc
  5134 | D:6      | Killed Blork the orc
  5134 | D:6      | Reached skill level 6 in Long Blades
  5134 | D:6      | Reached skill level 5 in Dodging
  5533 | D:6      | Got a smoking ring mail
  5544 | D:6      | Identified the +0 ring mail of Grottiness {Str-3 Dex+3
                  | SInv} (You found it on level 6 of the Dungeon)
  5690 | D:6      | Found a transporter.
  6193 | D:6      | Killed Mrkan's ghost
  6193 | D:6      | Reached skill level 7 in Long Blades
  6193 | D:6      | Gained mutation: Your movements are significantly less
                  | encumbered by armour. (ER -6) [demonic ancestry]
  6193 | D:6      | Reached XP level 9. HP: 38/65 MP: 5/12
  6199 | D:6      | Killed a troll
  6443 | D:7      | Noticed Joseph
  6472 | D:7      | Splashed by Joseph's acid

Skill      XL: |  1  2  3  4  5  6  7  8 |
---------------+-------------------------+-----
Dodging        | 3 4 5 |  5.9
Long Blades    | 3 4 5 7 |  7.1
Armour         | 1 2 |  2.8
Stealth        | 1 2 3 4 |  4.9
Fighting       | 3 4 |  4.4
Invocations    | 1 4 |  4.7
Evocations     | 1 3 |  3.5
Short Blades   | |  0.3
Throwing       | |  1.7

Action                   |  1- 3 |  4- 6 |  7- 9 || total
-------------------------+-------+-------+-------++-------
Melee: Long sword        |    77 |   202 |   265 ||   544
       Kick              |       |    52 |   138 ||   190
       Dagger            |       |     4 |    23 ||    27
Throw: Throwing net      |       |       |     5 ||     5
 Abil: Evoke Berserk Rag |       |       |     3 ||     3
  Use: Potion            |     2 |     3 |     9 ||    14
       Scroll            |       |       |    11 ||    11
 Stab: Sleeping          |     1 |     5 |    10 ||    16
       Distracted        |       |       |     1 ||     1
       Held in net/web   |       |       |     1 ||     1
  Eat: Chunk             |     2 |     6 |    13 ||    21
Armor: Leather armour    |     7 |       |       ||     7
       Ring mail         |    19 |    67 |    86 ||   172
Dodge: Dodged            |    66 |   157 |   311 ||   534
       Rpst.: Long sword |    23 |    51 |    84 ||   158
